 Dungeon Crawl Stone Soup version 0.29.1-2-gbd0b4ee654 (webtiles) character file.

Game seed: 13275141052151109774

98296 GeoRichter the Stormcaller (level 16, -11/101 HPs)
             Began as a Tengu Air Elementalist on Nov 12, 2022.
             Was a High Priest of Vehumet.
             Killed by the raging water
             ... invoked by a water nymph
              (32 damage)
             ... on level 1 of the Shoals.
             The game lasted 01:23:27 (32370 turns).

GeoRichter the Stormcaller (TeAE)                  Turns: 32370, Time: 01:23:28

Health: -11/101    AC: 20    Str: 12    XL:     16   Next: 22%
Magic:  22/33      EV: 14    Int: 21    God:    Vehumet [*****.]
Gold:   248        SH:  5    Dex: 14    Spells: 13/39 levels left

rFire   + . .      SeeInvis .   a - +9 eveningstar (venom)
rCold   + . .      Faith    .   R - +0 buckler
rNeg    + + .      Spirit   .   Z - +0 pearl dragon scales
rPois   +          Reflect  .   U - -2 hat of the Alchemist {rElec rPois rF+ rC+ rN+ Will+ rMut rCorr}
rElec   +          Harm     .   M - +1 cloak
rCorr   +          Rampage  .   C - +0 pair of gloves "Ystag" {rElec Will+ Slay+3}
rMut    +                       (boots unavailable)
Will    +++..                   F - amulet of regeneration
Stlth   ..........              s - +4 ring of protection
HPRegen 1.06/turn               B - +4 ring of slaying
MPRegen 0.23/turn

@: flying quickly and evasively, hasted, very quick
A: beak, talons 3, nimble flight
a: Renounce Religion


You were on level 1 of the Shoals.
You worshipped Vehumet.
Vehumet was extremely pleased with you.
You visited 5 branches of the dungeon, and saw 24 of its levels.

You collected 2361 gold pieces.
You spent 2113 gold pieces at shops.

Inventory:

Hand Weapons
 a - a +9 eveningstar of venom (weapon)
   (You took it off Urug on level 1 of the Orcish Mines)
Missiles
 W - 3 throwing nets {!f}
Armour
 u - a +1 hat
   (You found it on level 3 of the Dungeon)
 C - the +0 pair of gloves "Ystag" (worn) {rElec Will+ Slay+3}
   (You bought it in a shop on level 2 of the Orcish Mines)

   Slay:      It affects your accuracy & damage with ranged weapons and melee
   (+3).
   rElec:     It insulates you from electricity.
   Will:      It increases your willpower.
 G - +1 swamp dragon scales
   (You found it on level 6 of the Dungeon)
 M - a +1 cloak (worn)
   (You found it on level 2 of the Lair of Beasts)
 O - a +2 kite shield
   (You took it off a vault guard on level 13 of the Dungeon)
 R - a +0 buckler (worn)
   (You found it on level 5 of the Lair of Beasts)
 U - the -2 hat of the Alchemist (worn) {rElec rPois rF+ rC+ rN+ Will+ rMut rCorr}
   (You found it on level 10 of the Dungeon)

   rF:        It protects you from fire.
   rC:        It protects you from cold.
   rElec:     It insulates you from electricity.
   rPois:     It protects you from poison.
   rN:        It protects you from negative energy.
   rCorr:     It protects you from acid and corrosion.
   rMut:      It protects you from mutation.
   Will:      It increases your willpower.
 Z - +0 pearl dragon scales (worn)
   (You bought it in a shop on level 11 of the Dungeon)
Magical Staves
 b - a staff of air
   (You acquired it on level 12 of the Dungeon)
Jewellery
 k - a ring of positive energy
   (You found it on level 1 of the Dungeon)
 s - a +4 ring of protection (left hand)
   (You found it on level 2 of the Lair of Beasts)
 B - a +4 ring of slaying (right hand)
   (You found it on level 6 of the Dungeon)
 F - an amulet of regeneration (around neck)
   (You found it on level 6 of the Dungeon)
 Q - a ring of fire
   (You found it on level 5 of the Lair of Beasts)
 X - a ring of protection from fire
   (You found it on level 12 of the Dungeon)
Wands
 h - a wand of quicksilver (13)
   (You found it on level 2 of the Lair of Beasts)
 I - a wand of digging (7)
   (You found it on level 7 of the Dungeon)
Scrolls
 d - 3 scrolls of torment {!r}
 j - a scroll of enchant weapon
 m - 4 scrolls of noise {!r}
 q - 10 scrolls of teleportation {@r4}
 r - 2 scrolls of fear
 v - 3 scrolls of enchant armour
 w - 2 scrolls of magic mapping
 y - 7 scrolls of vulnerability {!r}
 A - a scroll of silence
 D - 2 scrolls of identify {@r1}
 E - a scroll of poison {!r}
 J - 3 scrolls of amnesia
 T - 6 scrolls of butterflies
 Y - 2 scrolls of immolation {!r}
Potions
 c - a potion of magic
 e - 8 potions of curing {@q1}
 f - 2 potions of cancellation {unknown}
 g - 4 potions of lignification {!q}
 l - 5 potions of might
 n - 3 potions of brilliance {unknown}
 o - 4 potions of mutation {!q}
 p - a potion of resistance {unknown}
 t - a potion of experience {unknown}
 x - 4 potions of attraction {unknown}
 z - 2 potions of berserk rage
 H - 2 potions of haste {@q3}
 K - 4 potions of invisibility
 S - a potion of ambrosia {unknown}


   Skills:
 - Level 12.1 Fighting
 - Level 2.4 Long Blades
 * Level 3.0 Maces & Flails
 - Level 10.8 Armour
 - Level 11.2 Dodging
 - Level 2.0 Stealth
 - Level 6.5 Shields
 - Level 12.2 Spellcasting
 - Level 14.5 Conjurations
 - Level 16.3 Air Magic


You had 13 spell levels left.
You knew the following spells:

 Your Spells              Type           Power      Damage    Failure   Level
a - Static Discharge      Conj/Air       67%        3-12/arc  1%          2
b - Airstrike             Air            34%        2d(5-21)  1%          4
c - Swiftness             Air            69%        N/A       1%          3
d - Shock                 Conj/Air       100%       1d9       1%          1
e - Iskenderun's Battles  Conj           65%        2d11      1%          5
f - Conjure Ball Lightni  Conj/Air       33%        3x3d11    2%          6
g - Lightning Bolt        Conj/Air       33%        1d51      1%          5

Your spell library contained the following spells:

 Spells                   Type           Power      Damage    Failure   Level
 Spellforged Servitor     Conj/Summ      21%        N/A       95%         7
 Poisonous Vapours        Pois/Air       94%        N/A       1%          2
 Flame Wave               Conj/Fire      43%        2d11      4%          4
 Hailstorm                Conj/Ice       43%        3d10      4%          4
 Sticky Flame             Conj/Fire      43%        2d6       4%          4
 Freeze                   Ice            48%        1d7       9%          1
 Fireball                 Conj/Fire      21%        3d10      12%         5
 Irradiate                Conj/Tmut      21%        3d18      12%         5
 Scorch                   Fire           24%        2d6       13%         2
 Orb of Destruction       Conj           32%        9d10      17%         7
 Frozen Ramparts          Ice            24%        1d4       24%         3
 Apportation              Tloc           24%        N/A       32%         1
 Sting                    Tmut/Pois      48%        1d5       32%         1
 Sublimation of Blood     Necr           12%        N/A       43%         2
 Olgreb's Toxic Radiance  Pois           12%        N/A       58%         4
 Gell's Gravitas          Tloc           12%        N/A       67%         3
 Ozocubu's Armour         Ice            12%        N/A       67%         3
 Portal Projectile        Hex/Tloc       24%        N/A       67%         3
 Teleport Other           Tloc           12%        N/A       67%         3
 Tukima's Dance           Hex            12%        N/A       67%         3
 Dispel Undead            Necr           12%        3d9       97%         4
 Petrify                  Tmut/Erth      12%        N/A       97%         4
 Alistair's Intoxication  Tmut/Pois      8%         N/A       100%        5
 Blade Hands              Tmut           6%         N/A       100%        5
 Metabolic Englaciation   Hex/Ice        6%         N/A       100%        5
 Dispersal                Tloc           6%         N/A       100%        6
 Simulacrum               Ice/Necr       6%         N/A       100%        6
 Summon Cactus Giant      Summ           6%         N/A       100%        6


Dungeon Overview and Level Annotations

Branches:
Dungeon (15/15) Zot: 24920  Temple (0/1) D:7            Lair (5/5) D:8 Zot: 22310
 Shoals (1/4) Lair:3 Zot: 5981   Snake (1/4) Lair:2 Zot: 5693   Slime (0/5) Lair:4
    Orc (2/2) D:10 Zot: 8868     Elf (0/3) Orc:2        Vaults (0/5) D:13
 Depths (0/4) D:15

Altars:
Ashenzari
Fedhas
Gozag
Hepliaklqana
Makhleb
Nemelex Xobeh
Qazlal
Vehumet
Wu Jian
Xom
Zin
The Shining One

Shops:
D:10 (   D:11 [   D:13 (   Orc:1 =   Orc:2 *[([

Portals:
Trove: D:13 (give +3 gold dragon scales)


Innate Abilities, Weirdness & Mutations

You have a beak for a mouth.
You have claws for feet.
Your magical nature lets you fly swiftly and evasively.


Message History

The sling bullet hits you but does no damage.
The merfolk hits you with a +0 trident!
The merfolk is struck by an arc of lightning!
You resist.
You are struck by an arc of lightning.
The faun shoots a sling bullet.
The sling bullet barely misses you. The merfolk misses you.
The water nymph flows with the water.
The merfolk hits you but does no damage.
The faun gestures at you while chanting.
You resist with almost no effort.
There is a staircase back to the Lair, spattered with blood here.
The faun is struck by an arc of lightning!
You resist.
You are struck by an arc of lightning.
The faun is struck by an arc of lightning!
You resist.
You are struck by an arc of lightning.
The faun is struck by an arc of lightning!
The lightning grounds out.
The water nymph's watery aura covers the staircase back to the Lair.
The merfolk hits you from afar with a +0 trident!
The snapping turtle closely misses you.
The water nymph is struck by an arc of lightning.
The faun is struck by an arc of lightning.
The lightning grounds out.
The faun is struck by an arc of lightning!
You resist.
You are struck by an arc of lightning.
The faun is struck by an arc of lightning!
You kill the faun!
Vehumet accepts your kill.
You feel your power returning.
You hear a splash. x2
You resist.
You are struck by an arc of lightning.
The lightning grounds out.
The water nymph gestures at you while chanting.
The water rises up and strikes you!!!
* * * LOW HITPOINT WARNING * * *
The merfolk hits you but does no damage.
The snapping turtle bites you but does no damage.
Your Maces & Flails skill increases to level 3!
You feel yourself speed up.
The water nymph gestures at you while chanting.
The water rises up and strikes you!!
* * * LOW HITPOINT WARNING * * *
The merfolk barely misses you.
The snapping turtle bites you from afar.
* * * LOW HITPOINT WARNING * * *
You feel much better. The water nymph touches you. The water nymph drowns you!
* * * LOW HITPOINT WARNING * * *
A merfolk impaler comes into view.
It is wielding a +2 demon trident of freezing.
The water nymph points at you and mumbles some strange words.
The water rises up and strikes you!!
You die...

≈≈≈≈≈≈≈≈~~~.# .~~
≈≈≈≈≈≈≈≈~~~~.###~~~
≈≈≈≈≈≈≈~~~~~~~..~~~
≈≈≈≈≈≈~~~~~~~~~m~~~
≈≈≈≈≈~~~~~)~~~~~~~~
≈≈≈≈≈~~~m)~~)~~~~~~
≈≈≈≈~~~~~~t.~~~~~~~
≈≈≈~~~~~~.m...~~~.~
≈≈~~~~~@...##.~~~~.
≈~~~~~~~~~.# .[~~~~
~~~~~~~~~~~~~~~~~≈≈
~~~....~~..~~~~~~≈≈
~~.###.~....~~~~~~~
~~ #.......~~~~~~ ~
#..#....~~~
......##.~


You could see a snapping turtle, a merfolk and a water nymph.

Vanquished Creatures
  Kirke (D:14)
  Aizul (Lair:2)
  Louise (D:15)
  A stone giant (D:15)
  A minotaur (D:13)
  An ettin (Orc:2)
  Harold (D:11)
  8 vault guards (D:13)
  9 hydras
  Erolcha (D:9)
  6 centaur warriors
  4 boulder beetles
  A rakshasa (D:15)
  3 catoblepae (Lair:5)
  6 two-headed ogres
  A naga warrior (Snake:1)
  21 death yaks
  2 anacondas (Snake:1)
  5 tengu warriors
  2 shock serpents (Snake:1)
  Urug (Orc:1)
  3 orc high priests (Orc:2)
  8 manticores
  2 deep elf pyromancers
  A mana viper (Snake:1)
  6 orc knights
  5 cyclopes
  5 orc sorcerers (Orc:2)
  4 fauns (Shoals:1)
  An ugly thing (D:13)
  2 naga magi (Snake:1)
  5 black mambas
  2 gargoyles
  A torpor snail (Lair:3)
  12 cane toads
  A rime drake (Lair:4)
  A kobold demonologist (D:10)
  2 freezing wraiths
  A yaktaur (D:15)
  3 tengu conjurers
  7 komodo dragons
  2 polar bears
  A merfolk (Lair:3)
  A polar bear (shapeshifter) (D:15)
  3 trolls
  A hornet (D:9)
  A hornet (shapeshifter) (D:9)
  A wolf spider simulacrum (D:14)
  7 dream sheep
  A culicivora (shapeshifter) (D:9)
  3 wraiths
  3 shadows
  2 water elementals (D:15)
  An unseen horror simulacrum (D:9)
  3 wyverns
  6 basilisks
  A fire bat (shapeshifter) (D:9)
  59 yaks
  6 hogs (D:14)
  2 steam dragons
  4 vampire mosquitoes
  2 acid dragons
  4 nagas (Snake:1)
  10 water moccasins
  28 orc warriors
  2 black bears
  6 wolves (Lair:4)
  8 ogres
  4 boggarts (D:14)
  11 centaurs
  8 bullfrogs
  3 necrophages
  2 gnoll sergeants
  5 scorpions
  23 wights
  13 killer bees
  An electric eel (D:15)
  5 howler monkeys
  2 jellies
  22 orc priests
  A hound (D:4)
  Jessica (D:3)
  2 iguanas (D:4)
  5 hell rats (Lair:1)
  24 orc wizards
  5 adders
  14 gnolls
  A shadow imp (D:8)
  6 white imps
  2 ufetubi
  4 worms
  2 dart slugs
  83 orcs
  4 bats
  8 endoplasms
  3 giant cockroaches
  13 goblins
  6 hobgoblins
  7 jackals
  4 quokkas
  2 ball pythons
  3 frilled lizards
  4 kobolds
  6 rats
626 creatures vanquished.

Vanquished Creatures (collateral kills)
  A ball lightning (D:10)
1 creature vanquished.

Vanquished Creatures (others)
  Maggie (D:6)
  A human (D:14)
  124 ball lightnings
  20 fungi
  58 plants
204 creatures vanquished.

Grand Total: 831 creatures vanquished

Notes
Turn   | Place    | Note
-------+----------+-------------------------------------------
     0 | D:1      | GeoRichter the Tengu Air Elementalist began the quest for
                  | the Orb.
     0 | D:1      | Reached XP level 1. HP: 10/10 MP: 4/4
   136 | D:1      | Reached XP level 2. HP: 4/15 MP: 0/6
   966 | D:1      | Reached XP level 3. HP: 19/19 MP: 4/7
  1504 | D:2      | Learned a level 2 spell: Static Discharge
  1508 | D:2      | Learned a level 3 spell: Swiftness
  1542 | D:2      | Reached skill level 5 in Air Magic
  1606 | D:2      | Reached XP level 4. HP: 24/24 MP: 3/8
  2325 | D:3      | Found a glowing golden altar of the Shining One.
  2455 | D:3      | Noticed Jessica
  2459 | D:3      | Killed Jessica
  2717 | D:4      | Gained mutation: Your magical nature lets you fly swiftly
                  | and evasively. [Tengu growth]
  2717 | D:4      | Reached XP level 5. HP: 28/28 MP: 6/9
  3122 | D:3      | Found a faded altar of an unknown god.
  3191 | D:4      | Reached skill level 6 in Air Magic
  3488 | D:4      | Reached XP level 6. HP: 13/32 MP: 6/11
  3691 | D:4      | Reached skill level 5 in Conjurations
  4058 | D:4      | Found a faded altar of an unknown god.
  4058 | D:4      | Found a burning altar of Makhleb.
  4066 | D:4      | Found a faded altar of an unknown god.
  4068 | D:4      | Found an opulent altar of Gozag.
  4070 | D:4      | Found a radiant altar of Vehumet.
  4073 | D:4      | Became a worshipper of Vehumet
  4079 | D:4      | Learned a level 4 spell: Airstrike
  4167 | D:4      | Reached skill level 7 in Air Magic
  4167 | D:4      | Reached XP level 7. HP: 30/36 MP: 0/13
  4681 | D:4      | HP: 1/35 [necrophage (1)]
  5083 | D:4      | Found a large runed translucent door.
  5085 | D:4      | Found a large runed translucent door.
  5486 | D:4      | Found a glowing silver altar of Zin.
  5494 | D:4      | Found a broken altar of Ashenzari.
  5501 | D:4      | Reached skill level 8 in Air Magic
  5549 | D:5      | Entered Level 5 of the Dungeon
  5628 | D:5      | Reached XP level 8. HP: 41/41 MP: 6/15
  5795 | D:5      | Reached skill level 9 in Air Magic
  6021 | D:5      | Reached * piety under Vehumet
  6021 | D:5      | Offered knowledge of Magic Dart by Vehumet.
  6167 | D:5      | Reached skill level 10 in Air Magic
  6501 | D:5      | Reached skill level 5 in Spellcasting
  7171 | D:6      | Noticed Maggie
  7183 | D:6      | Killed Maggie
  7470 | D:6      | Reached skill level 1 in Long Blades
  7471 | D:6      | Reached skill level 1 in Fighting
  7680 | D:6      | Reached skill level 1 in Armour
  7680 | D:6      | Reached XP level 9. HP: 44/47 MP: 9/17
  8423 | D:7      | Found a staircase to the Ecumenical Temple.
  8619 | D:7      | Found a hazy altar of Hepliaklqana.
  8629 | D:7      | Found a blossoming altar of Fedhas.
  9271 | D:8      | Noticed a death yak
  9300 | D:8      | Killed a death yak
  9315 | D:8      | Reached skill level 5 in Fighting
  9536 | D:8      | Noticed a two-headed ogre
  9702 | D:8      | Reached XP level 10. HP: 59/59 MP: 13/20
  9785 | D:8      | Reached skill level 5 in Dodging
  9926 | D:8      | Reached ** piety under Vehumet
  9926 | D:8      | Offered knowledge of Sandblast by Vehumet.
 10031 | D:7      | Killed a two-headed ogre
 10055 | D:8      | Reached skill level 5 in Armour
 10138 | D:8      | Noticed a death yak
 10138 | D:8      | Noticed a death yak
 10140 | D:8      | Noticed a death yak
 10151 | D:8      | Noticed a death yak
 10152 | D:8      | Killed a death yak
 10152 | D:8      | Noticed a death yak
 10157 | D:8      | Killed a death yak
 10316 | D:7      | Killed a death yak
 10317 | D:7      | Reached XP level 11. HP: 53/68 MP: 4/22
 10450 | D:7      | Killed a death yak
 10577 | D:7      | Killed a death yak
 10835 | D:8      | Found a staircase to the Lair.
 10945 | D:8      | Learned a level 5 spell: Iskenderun's Battlesphere
 10952 | D:8      | Learned a level 6 spell: Conjure Ball Lightning
 11393 | Lair:1   | Entered Level 1 of the Lair of Beasts
 11412 | Lair:1   | Offered knowledge of Mephitic Cloud by Vehumet.
 11585 | Lair:1   | Reached *** piety under Vehumet
 11992 | Lair:1   | Noticed an eight-headed hydra
 11992 | Lair:1   | You are sucked into a shaft and drop 1 floor!
 12068 | Lair:2   | Offered knowledge of Sticky Flame by Vehumet.
 12127 | Lair:2   | Found a staircase to the Snake Pit.
 12983 | Lair:1   | Identified the +7 flail of the Assorted Stories {drain,
                  | *Noise rCorr Int+3}
 13018 | Lair:1   | Killed an eight-headed hydra
 13397 | Lair:3   | Noticed a death yak
 13397 | Lair:3   | Noticed a death yak
 13397 | Lair:3   | Noticed a death yak
 13397 | Lair:3   | Noticed a death yak
 13399 | Lair:3   | Noticed a death yak
 13400 | Lair:3   | Noticed a death yak
 13407 | Lair:2   | Killed a death yak
 13408 | Lair:2   | Reached skill level 10 in Fighting
 13408 | Lair:2   | Reached XP level 12. HP: 66/77 MP: 14/25
 13502 | Lair:3   | Noticed a four-headed hydra
 13506 | Lair:3   | Killed a four-headed hydra
 13551 | Lair:3   | Reached skill level 11 in Air Magic
 13689 | Lair:3   | Noticed a six-headed hydra
 13695 | Lair:3   | Killed a six-headed hydra
 14658 | Lair:3   | Found a staircase to the Shoals.
 14747 | Lair:3   | Killed a death yak
 14747 | Lair:3   | Reached **** piety under Vehumet
 14762 | Lair:3   | Killed a death yak
 14763 | Lair:3   | Reached skill level 12 in Air Magic
 15025 | Lair:3   | Killed a death yak
 15142 | Lair:3   | Killed a death yak
 15204 | Lair:3   | Killed a death yak
 15204 | Lair:3   | Offered knowledge of Yara's Violent Unravelling by Vehumet.
 15393 | Lair:4   | Reached skill level 10 in Conjurations
 15663 | Lair:4   | Reached skill level 13 in Air Magic
 15697 | Lair:4   | Found a staircase to the Slime Pits.
 15907 | Lair:4   | Reached XP level 13. HP: 55/82 MP: 10/27
 16453 | Lair:5   | Entered Level 5 of the Lair of Beasts
 16943 | Lair:4   | Reached skill level 14 in Air Magic
 17900 | Lair:5   | Reached skill level 10 in Spellcasting
 17907 | Lair:5   | Reached skill level 15 in Air Magic
 18738 | Lair:5   | Reached XP level 14. HP: 75/88 MP: 22/29
 19124 | D:9      | Reached ***** piety under Vehumet
 19217 | D:9      | Offered knowledge of Ozocubu's Refrigeration by Vehumet.
 19295 | D:9      | Reached skill level 16 in Air Magic
 19595 | D:9      | Identified the +2 robe of Hangman {Str+3 Dex-3 Slay+3}
 19708 | D:9      | You are sucked into a shaft and drop 3 floors!
 19753 | D:12     | Identified a scroll of acquirement
 19753 | D:12     | Acquired a staff of air
 19863 | D:12     | Reached skill level 1 in Shields
 20063 | D:10     | Entered Level 10 of the Dungeon
 20248 | D:9      | Noticed Erolcha
 20704 | D:9      | Found an ornate altar of the Wu Jian Council.
 20724 | D:9      | Killed Erolcha
 21546 | D:10     | Found Miupithriomu's Weapon Shoppe.
 21795 | D:10     | Offered knowledge of Lightning Bolt by Vehumet.
 21797 | D:10     | Found a staircase to the Orcish Mines.
 21941 | D:10     | Found the -2 hat of the Alchemist {rElec rPois rF+ rC+ rN+
                  | Will+ rMut rCorr}
 22035 | D:10     | Learned a level 5 spell: Lightning Bolt
 22445 | Orc:1    | Entered Level 1 of the Orcish Mines
 23109 | Orc:1    | You are sucked into a shaft and drop 1 floor!
 23109 | Orc:2    | Entered Level 2 of the Orcish Mines
 23261 | Orc:2    | Paralysed by an orc sorcerer for 3 turns
 23426 | Orc:2    | Found a staircase to the Elven Halls.
 23936 | Orc:1    | Found Pacvoeguse's Jewellery Shop.
 23985 | Orc:1    | Noticed Urug
 24764 | Orc:2    | Found Liewues's Weapon Boutique.
 24769 | Orc:2    | Found Woshua's Assorted Antiques.
 24858 | Orc:2    | Found Fesadoze's Armour Emporium.
 24860 | Orc:2    | Found Replirad's Antique Armour Boutique.
 24871 | Orc:2    | Bought the +0 pair of gloves "Ystag" {rElec Will+ Slay+3}
                  | for 513 gold pieces
 25434 | Orc:1    | Killed Urug
 25850 | D:11     | Reached XP level 15. HP: 81/93 MP: 12/31
 26090 | D:11     | Found Ninurta's Dragon-Slaying Spoils.
 26124 | D:11     | Noticed Harold
 26129 | D:11     | Killed Harold
 26438 | D:12     | Offered knowledge of Freezing Cloud by Vehumet.
 26514 | D:12     | Found a shimmering altar of Xom.
 26516 | D:12     | Found a glowing golden altar of the Shining One.
 26516 | D:12     | Found a shimmering altar of Xom.
 26518 | D:12     | Found a radiant altar of Vehumet.
 26518 | D:12     | Found a sparkling altar of Nemelex Xobeh.
 26518 | D:12     | Found a stormy altar of Qazlal.
 26820 | D:11     | Bought +0 pearl dragon scales for 1600 gold pieces
 27182 | D:13     | Reached skill level 5 in Shields
 27189 | D:12     | Reached skill level 10 in Dodging
 27828 | D:13     | Found a gate to the Vaults.
 27945 | D:13     | Found Wygotz's Antique Weapon Shop.
 28046 | D:13     | Found the +18 Lear's hauberk
 28133 | D:13     | Found a portal to a secret trove of treasure.
 28402 | D:14     | Identified the +1 scale mail of Titome {Regen+ rCorr
                  | Stlth+}
 28417 | D:14     | Reached skill level 10 in Armour
 28527 | D:14     | Noticed Kirke
 28548 | D:14     | Killed Kirke
 28658 | D:14     | Found a stormy altar of Qazlal.
 29431 | D:15     | Entered Level 15 of the Dungeon
 29739 | D:15     | Noticed Louise
 29765 | D:15     | Killed Louise
 30973 | D:15     | Found a staircase to the Depths.
 31037 | D:15     | Reached XP level 16. HP: 40/101 MP: 8/33
 31676 | Snake:1  | Entered Level 1 of the Snake Pit
 31684 | Snake:1  | Noticed Aizul
 31744 | Lair:2   | Killed Aizul
 32047 | Snake:1  | Reached skill level 1 in Maces & Flails
 32351 | Shoals:1 | Entered Level 1 of the Shoals
 32360 | Shoals:1 | Offered knowledge of Spellforged Servitor by Vehumet.
 32367 | Shoals:1 | HP: 2/101 [water nymph/the raging water (27)]
 32370 | Shoals:1 | Killed from afar by a water nymph

Illustrated notes

Levels and vault maps discovered:
D:1:      amcnicky_arrival_choice, layout_rooms, minmay_pentomino_w2
D:2:      layout_basic
D:3:      layout_basic, mainiacjoe_overflow_alcove_1, basic_ecumenical_altar,
          uniq_jessica
D:4:      layout_rooms, chequers_temple_overflow_minitemple,
          jmf_multi_god_temple2
D:5:      layout_gridville
D:6:      layout_basic, lemuel_flamethrower_2, uniq_maggie
D:7:      layout_rooms, amethyst_overflow_temple_binary,
          minmay_temple_entry_arrows
D:8:      layout_basic, dpeg_lair_monsters, special_room [special_room_orc],
          enter_bailey_5, st_stairs_6
D:9:      minmay_the_grid_four_pointed_star_mashed
          [minmay_the_grid_triangle_9x9_flanged_cone,
          minmay_the_grid_triangle_9x9_negative_grid,
          minmay_the_grid_triangle_9x9_from_above,
          minmay_the_grid_triangle_9x9_thin_v,
          minmay_the_grid_prize_four_corners], layout_rooms, lemuel_tele_altar,
          serial_glass, glass_columns_a, glass_columns_a, due_unseen_surprise,
          feat_on_display, feat_on_display, minmay_strange_pillars,
          serial_bayou_pond_c, minivault_23, minmay_misc_feat_four_crosses,
          skrybe_limestone_x, uniq_erolcha
D:10:     minmay_weird_star, layout_long_grid, david_orc_5, serial_shops,
          nicolae_shop_behind_doors
D:11:     layout_roguey, nicolae_shop_dragon_depot, uniq_harold
D:12:     layout_roguey, doesnt_xom_only_xom
D:13:     lemuel_ice_spiral_2, layout_rooms, erik_vaults_2, serial_shops,
          nicolae_shop_stone, nicolae_trove_entry_diagonal,
          hellmonk_guarded_unrand_lears
D:14:     layout_loops_ring, grunt_qazlal_clouds, statue_in_the_mist_lemuel,
          roderic_roman_lattice, uniq_kirke
D:15:     grunt_enter_depths_snipers, layout_basic, nicolae_hexahallways,
          uniq_louise
Lair:1:   layout_gridlike
Lair:2:   layout_regular_city, dummy_snake_entry
Lair:3:   layout_cave_pods, elwin_shoals_entry_rooms, gauntlet_entry_generic,
          chequers_serial_rivers_micro_c, grunt_megastairs_5
Lair:4:   layout_gridlike, slime_entry_1, infiniplex_staircase_pool_2,
          grunt_megastairs_2
Lair:5:   evilmike_catoblepas_cave, layout_regular_city, grunt_megastairs_3
Shoals:1: layout_shoals
Snake:1:  layout_rooms, serial_shops, nicolae_shop_advertising_works
          [nicolae_subvault_shop_adworks], uniq_aizul
Orc:1:    layout_diamond_mine, serial_shops, shop, nicolae_orc_pool_cavern,
          uniq_urug
Orc:2:    st_orc_elflike, layout_diamond_mine

Skill      XL: |  1  2  3  4  5  6  7  8  9 10 11 12 13 14 15 16 |
---------------+-------------------------------------------------+-----
Conjurations   | 2 3 4 5 7 10 13 14 | 14.5
Air Magic      | 5 6 7 8 10 13 15 16 | 16.3
Spellcasting   | 3 4 5 6 7 8 9 10 11 12 | 12.2
Long Blades    | 1 2 |  2.4
Fighting       | 1 5 7 10 12 | 12.1
Armour         | 1 3 5 7 9 10 | 10.8
Dodging        | 4 6 8 9 11 | 11.2
Shields        | 4 6 |  6.5
Maces & Flails | 3 |  3.0
Stealth        | |  2.0

Action                   |  1- 3 |  4- 6 |  7- 9 | 10-12 | 13-15 | 16-18 || total
-------------------------+-------+-------+-------+-------+-------+-------++-------
Melee: Short sword       |    14 |     9 |       |       |       |       ||    23
       Kick              |     7 |     4 |     7 |    21 |    77 |    10 ||   126
       Unarmed           |     3 |       |       |       |       |       ||     3
       Peck              |     4 |     2 |     4 |    17 |    53 |     8 ||    88
       Punch             |       |     1 |       |     1 |       |       ||     2
       Falchion          |       |     5 |    25 |       |       |       ||    30
       Scimitar          |       |       |     1 |    64 |   213 |     9 ||   287
       Staff             |       |       |       |       |     2 |       ||     2
       Eveningstar       |       |       |       |       |       |    17 ||    17
 Cast: Shock             |    76 |    85 |   201 |   161 |   218 |       ||   741
       Static Discharge  |       |     8 |    26 |   111 |   192 |    18 ||   355
       Airstrike         |       |       |     9 |    58 |    92 |     1 ||   160
       Swiftness         |       |       |     1 |       |       |       ||     1
       Iskenderun's Batt |       |       |       |    12 |    22 |       ||    34
       Conjure Ball Ligh |       |       |       |     6 |    34 |     6 ||    46
       Lightning Bolt    |       |       |       |       |   154 |    17 ||   171
Evoke: Wand              |       |       |       |       |     7 |       ||     7
  Use: Scroll            |       |       |     5 |     4 |    15 |     7 ||    31
       Potion            |       |       |     1 |       |     2 |     7 ||    10
 Stab: Sleeping          |     1 |       |       |       |     1 |       ||     2
Armor: Robe              |     6 |     1 |     7 |       |       |       ||    14
       Swamp dragon scal |       |       |     7 |    52 |   134 |       ||   193
       Pearl dragon scal |       |       |       |       |   140 |    25 ||   165
Dodge: Dodged            |    16 |    17 |    32 |   116 |   333 |    41 ||   555
Block: Buckler           |       |       |       |       |    89 |    14 ||   103
